 Dungeon Sprint DCSS version 0.31-a0-986-g5e6e4ef867 (webtiles) character file.

Game seed: 17504274865684278269

35076 fingers the Unseen (level 13, -2/129 HPs)
             Began as a Ghoul Fighter on Nov 9, 2023.
             Was an Elder of Uskayaw.
             Slain by a nargun (6 damage)
             ... while petrified by a nargun
             ... in the Dungeon (Sprint V: "Ziggurat Sprint").
             The game lasted 00:10:32 (779 turns).

fingers the Unseen (Ghoul Fighter)                   Turns: 779, Time: 00:10:33

Health: -2/129     AC: 37    Str: 40    XL:     13   Next: 81%
Magic:  12/12      EV:  2    Int:  8    God:    Uskayaw [****..]
Gold:   0          SH:  0    Dex:  8    Spells: 12/12 levels left

rFire   + . .        C - +16 obsidian axe {drain, demonic, Mesm Drain Fly SInv}
rCold   + + .        B - +18 shield of the Gong {Loud rN+ Will+ rCorr EV-5}
rNeg    + + +        A - +15 Maxwell's patent armour {-Cast -Tele rElec Will+ rCorr}
rPois   ∞            X - +2 helmet {Int+3}
rElec   +            (no cloak)
rCorr   +            Q - +1 pair of gloves of the Minstrel {Str+3}
SInv    +            Z - +0 pair of boots of the Elephant {Int+2}
Will    +....        N - amulet "Hiemy" {rPois Regen+}
Stlth   +++          y - +6 ring of strength
HPRegen 0.00/turn    z - +6 ring of strength
MPRegen 0.13/turn

%: no teleportation, no spellcasting
@: resistant, petrified, weak-willed, flying, mesmerised, inhibited regen,
studying 4 skills
A: claws 1, cold resistance 1, negative energy resistance 3, inhibited
regeneration, torment resistance 2, devour on kill
a: Renounce Religion, Stomp, Line Pass


You were in the Dungeon.
You worshipped Uskayaw.
Uskayaw was noncommittal.
You visited 1 branch

Inventory:

Hand Weapons
 a - a +0 war axe
 C - the +16 obsidian axe (weapon) {drain, demonic, Mesm Drain Fly SInv}
   (You found it in the Dungeon)

   Mesm:      Its wielder is mesmerised by any visible foes, and it cannot be
   unequipped while any foes are visible.
   SInv:      It lets you see invisible.
   Fly:       It grants you flight.
   Drain:     It drains your maximum health when unequipped.
 U - the +11 war axe of Chance {speed, *Noise rC+ Str+4}
   (You found it in the Dungeon)

   Str+4:     It affects your strength (+4).
   rC+:       It protects you from cold.
   *Noise:    It may make a loud noise when swung.
Armour
 b - a +0 scale mail
 c - a +0 buckler
 m - the +0 pair of gloves of Lies {rPois rC+ Int+3}
   (You found it in the Dungeon)

   Int+3:     It affects your intelligence (+3).
   rC+:       It protects you from cold.
   rPois:     It protects you from poison
 A - the +15 Maxwell's patent armour (worn) {-Cast -Tele rElec Will+ rCorr}
   (You found it in the Dungeon)

   rElec:     It insulates you from electricity.
   Will+:     It increases your willpower.
   -Cast:     It prevents spellcasting.
   -Tele:     It prevents most forms of teleportation.
   rCorr:     It protects you from acid and corrosion.
 B - the +18 shield of the Gong (worn) {Loud rN+ Will+ rCorr EV-5}
   (You found it in the Dungeon)

   Loud:      It is deafeningly noisy when blocking attacks.
   EV-5:      It affects your evasion (-5).
   rN+:       It protects you from negative energy.
   Will+:     It increases your willpower.
   rCorr:     It protects you from acid and corrosion.
 Q - the +1 pair of gloves of the Minstrel (worn) {Str+3}
   (You found it in the Dungeon)

   Str+3:     It affects your strength (+3).
 T - the +2 helmet "Jowker" {rElec Will- Dex-3 Stlth+}
   (You found it in the Dungeon)

   Dex-3:     It affects your dexterity (-3).
   rElec:     It insulates you from electricity.
   Will-:     It decreases your willpower.
   Stlth+:    It makes you more stealthy.
 V - a +1 helmet of intelligence
 X - a +2 helmet of intelligence (worn)
 Z - the +0 pair of boots of the Elephant (worn) {Int+2}
   (You found it in the Dungeon)

   Int+2:     It affects your intelligence (+2).
Jewellery
 t - a ring of flight
 u - a +6 ring of dexterity
 v - a +6 ring of dexterity
 w - a +6 ring of intelligence
 x - a +6 ring of intelligence
 y - a +6 ring of strength (left hand)
 z - a +6 ring of strength (right hand)
 E - a +4 ring of protection
 F - a ring of willpower
 I - an amulet of regeneration
 N - the amulet "Hiemy" (around neck) {rPois Regen+}
   (You found it in the Dungeon)

   [amulet of regeneration]

   rPois:     It protects you from poison Regen+: It increases your rate of
   health regeneration.
 O - the necklace of Bloodlust {Fury *Rage Will++ Int-3 Slay+6}
   (You found it in the Dungeon)

   [amulet of nothing]

   Fury:      It extends the wearer's berserk rage when killing foes.
   Int-3:     It affects your intelligence (-3).
   Slay+6:    It affects your accuracy & damage with ranged weapons and melee
   (+6).
   Will++:    It greatly increases your willpower.
   *Rage:     It berserks you when you make melee attacks (+50% chance).
 P - the ring "Suici" {rF+ rN+}
   (You found it in the Dungeon)

   [ring of protection from fire]

   rF+:       It protects you from fire.
   rN+:       It protects you from negative energy.
 S - a ring of protection from cold
 W - a ring of resist corrosion
 Y - a +5 ring of evasion
Wands
 r - a wand of mindburst (17)
 s - a wand of light (9)
 H - a wand of polymorph (2)
 K - a wand of paralysis (7)
 L - a wand of roots (3)
 M - a wand of flame (13)
 R - a wand of digging (11)
Scrolls
 i - 4 scrolls of blinking
 n - 4 scrolls of amnesia
 o - 7 scrolls of fog
 p - 5 scrolls of identify
 q - a scroll of fear
 G - 4 scrolls of brand weapon
 J - 4 scrolls of enchant armour
Potions
 d - 3 potions of might
 e - 10 potions of curing
 f - 8 potions of heal wounds
 g - 6 potions of haste
 h - 7 potions of magic
 j - 2 potions of brilliance
 k - a potion of invisibility
 l - a potion of resistance
Miscellaneous
 D - a phantom mirror


   Skills:
 + Level 16.2 Fighting
 + Level 19.5 Axes
 + Level 11.8 Armour
 + Level 1.1 Dodging
 + Level 19.6 Stealth
 + Level 16.2 Shields
 + Level 4.7 Evocations


You had 12 spell levels left.
You didn't know any spells.
Your spell library contained the following spells:

 Spells                   Type           Power      Damage    Failure   Level
 Magic Dart               Conj           0%         1d3       92%         1
 Sandblast                Erth           0%         2d4       92%         1
 Blink                    Tloc           0%         N/A       98%         2
 Call Imp                 Summ           0%         N/A       98%         2
 Cigotuvi's Dreadful Rot  Necr/Pois/Air  0%         N/A       98%         2
 Jinxbite                 Hex            0%         N/A       98%         2
 Lesser Beckoning         Tloc           0%         N/A       98%         2
 Momentum Strike          Conj/Tloc      0%         3d8       98%         2
 Passwall                 Tmut/Erth      0%         N/A       98%         2
 Mephitic Cloud           Conj/Pois/Air  0%         N/A       100%        3
 Stone Arrow              Conj/Erth      0%         3d7       100%        3
 Teleport Other           Tloc           0%         N/A       100%        3
 Volatile Blastmotes      Fire/Tloc      0%         2d10      100%        3
 Animate Armour           Summ/Erth      0%         N/A       100%        4
 Fulminant Prism          Conj/Hex       0%         3d5       100%        4
 Leda's Liquefaction      Hex/Erth       0%         N/A       100%        4
 Passage of Golubria      Tloc           0%         N/A       100%        4
 Summon Lightning Spire   Summ/Air       0%         N/A       100%        4
 Vhi's Electric Charge    Tloc/Air       0%         N/A       100%        4
 Arcjolt                  Conj/Air       0%         1d10      100%        5
 Lee's Rapid Deconstruct  Erth           0%         3d4*      100%        5
 Metabolic Englaciation   Hex/Ice        0%         N/A       100%        5
 Summon Forest            Summ/Tloc      0%         N/A       100%        5
 Bombard                  Conj/Erth      0%         9d1       100%        6
 Eringya's Noxious Bog    Tmut/Pois      0%         4d6       100%        6
 Enfeeble                 Hex            0%         N/A       100%        7
 Haunt                    Necr/Summ      0%         N/A       100%        7
 Summon Hydra             Summ           0%         N/A       100%        7
 Lehudib's Crystal Spear  Conj/Erth      0%         10d2      100%        8
 Maxwell's Capacitive Co  Air            0%         ∞         100%        8
 Shatter                  Erth           0%         3d5*      100%        9


Dungeon Overview and Level Annotations

Branches:
Dungeon (1/1)

Altars:
Ashenzari
Cheibriados
Dithmenos
Fedhas
Gozag
Hepliaklqana
Kikubaaqudgha
Makhleb
Nemelex Xobeh
Okawaru
Qazlal
Ru
Sif Muna
Trog
Uskayaw
Vehumet
Wu Jian
Xom
Yredelemnul
Jiyva
Lugonu


Innate Abilities, Weirdness & Mutations

You are immune to poison.
You have sharp fingernails.
Your flesh is cold resistant. (rC+)
You are immune to negative energy. (rN+++)
You do not regenerate when monsters are visible.
You are immune to unholy pain and torment.
You thrive by killing the living.


Message History

The nargun is no longer sharing its pain. x2
The wendigo is no longer sharing its pain.
The shard shrike is no longer sharing its pain.
The Ice Fiend is no longer sharing its pain.
The wendigo is no longer sharing its pain.
The nargun is no longer sharing its pain.
The shard shrike claws you but does no damage.
The wendigo claws you! The wendigo freezes you! You resist.
The wendigo bites you.
The Ice Fiend claws you but does no damage. x2
You struggle to resist.
The shard shrike claws you but does no damage.
The tormentor hits you.
The tormentor hits you but does no damage.
The nargun is engulfed in seething chaos.
The nargun hits you!!
The nargun bites you but does no damage.
The ball python simulacrum is no longer sharing its pain.
The adder simulacrum is no longer sharing its pain.
The tormentor is no longer sharing its pain.
The shard shrike claws you! The shard shrike freezes you! You resist.
* * * LOW HITPOINT WARNING * * *
The tormentor barely misses you.
The tormentor hits you but does no damage.
The wendigo claws you but does no damage.
The wendigo bites you but does no damage.
The Ice Fiend claws you but does no damage.
The Ice Fiend claws you!
* * * LOW HITPOINT WARNING * * *
The Ice Fiend freezes you! You resist.
* * * LOW HITPOINT WARNING * * *
The nargun hits you!
* * * LOW HITPOINT WARNING * * *
The nargun bites you!
* * * LOW HITPOINT WARNING * * *
The nargun freezes you! You resist.
* * * LOW HITPOINT WARNING * * *
The shard shrike claws you but does no damage.
The nargun hits you!
You die...

▓...)|) ▓..)/::)[:):
▓...... ▓.."?)/)))//.
▓...... ▓............
▓......
▓.............▓......
▓.............▓..▓.†.
▓..Z9.........▓.▓▓▓..
▓..1bR........▓..▓...
▓.R9@9Z§......▓.....©
▓..▓.2.....▓..▓▓▓▓▓▓▓
▓....§.§§.....▓....8©
▓.............▓...)|)
▓.....§©......▓...[..
▓▓▓▓▓▓▓▓▓▓▓▓▓▓▓......
▓...... ▓......
▓......


You could see a shard shrike, an Ice Fiend, 2 wendigos, 3 narguns, a tormentor,
a ball python simulacrum and an adder simulacrum.

Vanquished Creatures
  A shard shrike (D)
  2 Ice Fiends (D)
  An acid blob (D)
  2 azure jellies (D)
  A nagaraja (D)
  A quicksilver ooze (D)
  2 wendigos (D)
  A fire dragon (D)
  A great orb of eyes (D)
  3 vault guards (D)
  2 anacondas (D)
  A death drake (D)
  A swamp dragon (D)
  A glowing orange brain (D)
  A shining eye (D)
  2 naga magi (D)
  3 eyes of devastation (D)
  A hellion (D)
  A yaktaur (D)
  A freezing wraith (D)
  4 wind drakes (D)
  A merfolk (D)
  A glass eye (D)
  3 slime creatures (D)
  An air elemental (D)
  5 spriggans (D)
  A wyvern (D)
  A yak (D)
  2 steam dragons (D)
  A golden eye (D)
  A naga (D)
  5 water moccasins (D)
  A hell hound (D)
  3 acid dragons (D)
  2 black bears (D)
  A swamp drake (D)
  4 wolves (D)
  4 jellies (D)
  An adder zombie (D)
  2 ball pythons (D)
  A jackal (D)
  A jackal simulacrum (D)
  A quokka simulacrum (D)
  A quokka zombie (D)
77 creatures vanquished.

Vanquished Creatures (collateral kills)
  An Ice Fiend (D)
  A nagaraja (D)
  A quicksilver ooze (D)
  2 stone giants (D)
  A great orb of eyes (D)
  A naga warrior (D)
  A shining eye (D)
  A guardian serpent (D)
  2 black mambas (D)
  A slime creature (D)
  A yaktaur (D)
  A hellion (D)
  A rime drake (D)
  2 merfolk (D)
  2 wind drakes (D)
  4 air elementals (D)
  A spriggan (D)
  A wyvern (D)
  A golden eye (D)
  A naga (D)
  A hell hound (D)
  4 water moccasins (D)
  An acid dragon (D)
  A wolf (D)
  3 jellies (D)
  2 adders (D)
  An ufetubus (D)
  An adder zombie (D)
  3 endoplasms (D)
  A ball python simulacrum (D)
  A bat simulacrum (D)
46 creatures vanquished.

Vanquished Creatures (others)
  A lich (D)
  2 vault guards (D)
  A steam dragon (D)
  An adder simulacrum (D)
  A ball python (D)
  A ball python simulacrum (D)
  5 bat simulacra (D)
12 creatures vanquished.

Grand Total: 135 creatures vanquished

Notes
Turn   | Place    | Note
-------+----------+-------------------------------------------
     0 | D        | fingers the Ghoul Fighter began the quest for the Orb.
     0 | D        | Reached XP level 1. HP: 19/19 MP: 0/0
     0 | D        | Found a shimmering blue altar of Sif Muna.
     0 | D        | Found a bloodstained altar of Trog.
     0 | D        | Found a sacrificial altar of Ru.
     0 | D        | Found a stormy altar of Qazlal.
     0 | D        | Found an iron altar of Okawaru.
     1 | D        | Found a sparkling altar of Nemelex Xobeh.
     1 | D        | Found a blossoming altar of Fedhas.
     1 | D        | Found the +6 Majin-Bo {spellvamp, MP+6 Int+6}
     1 | D        | Found the +27 heavy crossbow "Sniper" {heavy, Acc+∞ SInv}
     1 | D        | Found the +10 dark maul {heavy}
     1 | D        | Found the +15 Maxwell's patent armour {-Cast -Tele rElec
                  | Will+ rCorr}
     1 | D        | Found the +18 shield of the Gong {Loud rN+ Will+ rCorr
                  | EV-5}
     1 | D        | Found the +16 obsidian axe {drain, demonic, Mesm Drain Fly
                  | SInv}
     1 | D        | Found the +7 great mace "Firestarter" {flame, immolate,
                  | rFlCloud rF++}
     1 | D        | Found the +6 shillelagh "Devastator" {shatter}
     1 | D        | Found the +11 plutonium sword {Contam Stlth-}
     1 | D        | Found the +8 lance "Wyrmbane" {slay drac, rPois rF+ rC+
                  | AC+3}
     1 | D        | Found the +9 sword of Zonguldrok {reap}
     1 | D        | Found the +13 scythe of Curses {drain, curses, Drain}
     1 | D        | Found the +9 sword of Power {lifebolt}
     1 | D        | Found the +7 mace of Variability {chaos, chaos arc}
     1 | D        | Found the +11 Singing Sword {sonic wave}
     1 | D        | Found the +8 storm bow {elec, penet}
     3 | D        | Found a transporter.
     3 | D        | Found an ancient bone altar of Kikubaaqudgha.
     3 | D        | Found a viscous altar of Jiyva.
     3 | D        | Found a corrupted altar of Lugonu.
     3 | D        | Found a hazy altar of Hepliaklqana.
     3 | D        | Found a burning altar of Makhleb.
     3 | D        | Found an opulent altar of Gozag.
    78 | D        | Became a worshipper of Uskayaw the Reveller
    98 | D        | Reached XP level 2. HP: 28/28 MP: 1/1
   101 | D        | Entered arena 2.
   101 | D        | Noticed a yak
   101 | D        | Found a transporter.
   103 | D        | Reached * piety under Uskayaw
   104 | D        | Reached ** piety under Uskayaw
   105 | D        | Killed a yak
   106 | D        | Reached skill level 5 in Axes
   106 | D        | Reached skill level 5 in Armour
   106 | D        | Reached skill level 5 in Shields
   106 | D        | Reached XP level 3. HP: 39/39 MP: 2/2
   106 | D        | Reached XP level 4. HP: 47/47 MP: 3/3
   106 | D        | Reached XP level 5. HP: 52/52 MP: 4/4
   117 | D        | Entered arena 3.
   117 | D        | Noticed a steam dragon
   117 | D        | Noticed a rime drake
   117 | D        | Noticed a steam dragon
   117 | D        | Found a transporter.
   121 | D        | Reached *** piety under Uskayaw
   122 | D        | Killed a steam dragon
   122 | D        | Killed a steam dragon
   123 | D        | Reached XP level 6. HP: 62/62 MP: 5/5
   123 | D        | Killed a rime drake
   124 | D        | Reached XP level 7. HP: 70/70 MP: 6/6
   127 | D        | Got the +0 pair of gloves of Lies {rPois rC+ Int+3}
   135 | D        | Entered arena 4.
   135 | D        | Found a transporter.
   139 | D        | Reached skill level 10 in Fighting
   139 | D        | Reached XP level 8. HP: 65/79 MP: 7/7
   142 | D        | Reached skill level 5 in Stealth
   146 | D        | Got Olug's Elucidation of Relocation
   148 | D        | Got the Octavo of Mezcal
   155 | D        | Entered arena 5.
   155 | D        | Found a transporter.
   165 | D        | Entered arena 6.
   165 | D        | Found a transporter.
   183 | D        | Entered arena 7.
   183 | D        | Noticed a merfolk
   183 | D        | Noticed a wind drake
   183 | D        | Noticed a merfolk
   183 | D        | Noticed a wind drake
   183 | D        | Noticed a wind drake
   183 | D        | Noticed a merfolk
   186 | D        | Found a transporter.
   188 | D        | Killed a wind drake
   188 | D        | Killed a wind drake
   189 | D        | Reached XP level 9. HP: 74/89 MP: 8/8
   190 | D        | Killed a wind drake
   190 | D        | Killed a merfolk
   191 | D        | Reached skill level 10 in Shields
   191 | D        | Killed a merfolk
   191 | D        | Reached **** piety under Uskayaw
   193 | D        | Killed a merfolk
   194 | D        | Reached skill level 10 in Axes
   202 | D        | Got the Handbook of Supportive Geology
   205 | D        | Entered arena 8.
   206 | D        | Found a transporter.
   293 | D        | Got the Volume of Movement
   297 | D        | Entered arena 9.
   297 | D        | Noticed a black mamba
   297 | D        | Noticed a black mamba
   297 | D        | Noticed a naga mage
   298 | D        | Found a transporter.
   303 | D        | Killed a black mamba
   304 | D        | Reached XP level 10. HP: 93/97 MP: 9/9
   304 | D        | Killed a naga mage
   305 | D        | Killed a black mamba
   312 | D        | Entered arena 10.
   312 | D        | Paralysed by an air elemental for 1 turns
   314 | D        | Paralysed by an air elemental for 1 turns
   318 | D        | Paralysed by an air elemental for 1 turns
   320 | D        | Reached skill level 10 in Armour
   320 | D        | Reached skill level 10 in Stealth
   320 | D        | Paralysed by an air elemental for 1 turns
   323 | D        | Reached skill level 1 in Evocations
   354 | D        | Found a transporter.
   364 | D        | Got the Quarto of Filthy Obstruction
   367 | D        | Entered arena 11.
   368 | D        | Found a transporter.
   373 | D        | Reached ***** piety under Uskayaw
   374 | D        | Reached XP level 11. HP: 105/105 MP: 10/10
   384 | D        | Got the amulet "Hiemy" {rPois Regen+}
   399 | D        | Entered arena 12.
   399 | D        | Found the necklace of Bloodlust {Fury *Rage Will++ Int-3
                  | Slay+6}
   399 | D        | Noticed a vault guard
   399 | D        | Noticed a vault guard
   399 | D        | Noticed a stone giant
   399 | D        | Noticed a vault guard
   399 | D        | Noticed a vault guard
   399 | D        | Noticed a vault guard
   400 | D        | Noticed a stone giant
   401 | D        | Noticed a lich
   402 | D        | Identified the +2 great sword "Ijeceebu" {chaos, rPois
                  | Int+5}
   404 | D        | Found a transporter.
   409 | D        | Killed a lich
   411 | D        | Killed a vault guard
   411 | D        | Killed a vault guard
   413 | D        | Killed a vault guard
   414 | D        | Killed a vault guard
   417 | D        | Killed a vault guard
   418 | D        | Killed a stone giant
   419 | D        | Reached skill level 1 in Dodging
   421 | D        | Killed a stone giant
   427 | D        | Got the ring "Suici" {rF+ rN+}
   430 | D        | Got the +1 pair of gloves of the Minstrel {Str+3}
   451 | D        | Entered arena 13.
   451 | D        | Noticed a death drake
   451 | D        | Noticed a fire dragon
   451 | D        | Noticed a swamp dragon
   454 | D        | Found a transporter.
   459 | D        | Killed a fire dragon
   459 | D        | Killed a swamp dragon
   459 | D        | Killed a death drake
   460 | D        | Reached skill level 15 in Axes
   460 | D        | Reached XP level 12. HP: 87/116 MP: 11/11
   486 | D        | Got the +2 helmet "Jowker" {rElec Will- Dex-3 Stlth+}
   492 | D        | Got the +11 war axe of Chance {speed, *Noise rC+ Str+4}
   495 | D        | Entered arena 14.
   496 | D        | Noticed an azure jelly
   498 | D        | Noticed a quicksilver ooze
   498 | D        | Noticed a great orb of eyes
   498 | D        | Noticed a great orb of eyes
   500 | D        | Killed a quicksilver ooze
   502 | D        | Killed a great orb of eyes
   503 | D        | Killed an azure jelly
   504 | D        | Reached skill level 15 in Stealth
   505 | D        | Killed a great orb of eyes
   506 | D        | Found a transporter.
   573 | D        | Got the Elucidation of Cleavage
   582 | D        | Entered arena 15.
   583 | D        | Noticed an Ice Fiend
   583 | D        | Noticed a shard shrike
   583 | D        | Noticed a wendigo
   583 | D        | Noticed an Ice Fiend
   583 | D        | Noticed an Ice Fiend
   583 | D        | Noticed a wendigo
   592 | D        | Killed a wendigo
   592 | D        | Killed an Ice Fiend
   592 | D        | Killed a wendigo
   593 | D        | Reached skill level 15 in Shields
   594 | D        | Killed a shard shrike
   594 | D        | Killed an Ice Fiend
   594 | D        | Killed an Ice Fiend
   595 | D        | Reached skill level 15 in Fighting
   595 | D        | Reached XP level 13. HP: 55/126 MP: 12/12
   654 | D        | Found a transporter.
   672 | D        | Entered arena 16.
   673 | D        | Noticed a quicksilver ooze
   674 | D        | Noticed an acid blob
   675 | D        | Found a transporter.
   680 | D        | Killed an acid blob
   682 | D        | Killed a quicksilver ooze
   708 | D        | Got the +0 pair of boots of the Elephant {Int+2}
   728 | D        | Entered arena 17.
   731 | D        | Noticed a nagaraja
   733 | D        | Noticed a nagaraja
   734 | D        | Found a transporter.
   737 | D        | Killed a nagaraja
   749 | D        | Killed a nagaraja
   749 | D        | Reached ****** piety under Uskayaw
   758 | D        | Entered arena 18.
   761 | D        | Noticed an azure jelly
   761 | D        | Noticed an Ice Fiend
   761 | D        | Noticed a wendigo
   761 | D        | Noticed a nargun
   761 | D        | Found the +3 Elemental Staff {ele, rElec rF+ rC+ AC+3}
   761 | D        | Noticed a shard shrike
   762 | D        | Noticed a nargun
   764 | D        | Noticed a wendigo
   765 | D        | Noticed a nargun
   765 | D        | Paralysed by a wendigo for 1 turns
   769 | D        | Killed an azure jelly
   770 | D        | Paralysed by a wendigo for 1 turns
   774 | D        | Paralysed by a wendigo for 1 turns
   779 | D        | HP: 4/129 [nargun (3)]
   779 | D        | Slain by a nargun

Illustrated notes

Levels and vault maps discovered:
D:        sprint_v [room_start, room_1, room_2, room_3, room_4, room_5, room_6,
          room_7, room_8, room_9, room_10, room_11, room_12, room_13, room_14,
          room_15, room_16, room_17, room_18, room_19, room_20, room_21,
          room_22, room_23, room_24, room_25, room_26, room_27]

Skill      XL: |  1  2  3  4  5  6  7  8  9 10 11 12 13 |
---------------+----------------------------------------+-----
Fighting       | 4 7 8 9 10 11 12 13 15 16 | 16.2
Axes           | 4 5 6 7 9 10 12 15 17 19 | 19.5
Armour         | 4 5 7 8 9 10 11 | 11.8
Shields        | 4 5 7 8 9 11 12 13 15 16 | 16.2
Stealth        | 3 4 6 8 11 14 18 19 | 19.6
Evocations     | 1 2 4 |  4.7
Dodging        | 1 |  1.1

Action                     |  1- 3 |  4- 6 |  7- 9 | 10-12 | 13-15 || total
---------------------------+-------+-------+-------+-------+-------++-------
  Melee: Broad axe         |     3 |     3 |    17 |    41 |    22 ||    86
 Invoke: Stomp             |       |       |       |     3 |       ||     3
  Evoke: Phantom mirror    |       |       |     1 |     5 |     2 ||     8
         Wand              |       |       |       |     3 |       ||     3
    Use: Potion            |     1 |       |     1 |     6 |     2 ||    10
         Scroll            |       |       |       |     1 |       ||     1
   Stab: Paralysed         |       |     3 |     1 |    21 |     3 ||    28
         Distracted        |       |       |     1 |       |       ||     1
         Invisible         |       |       |       |     3 |       ||     3
 Armour: Plate armour      |     1 |    10 |    36 |    72 |    71 ||   190
  Dodge: Dodged            |       |       |     1 |     6 |     8 ||    15
  Block: Kite shield       |     2 |    12 |    51 |    83 |    52 ||   200

Table legend: (Time is in decaauts)
 A = Elapsed time spent in this place.
 B = Non-inter-level travel time spent in this place.
 C = Inter-level travel time spent in this place.
 D = Time resting spent in this place.
 E = Time spent auto-exploring this place.
 F = Levels seen in this place.
 G = Mean time per level.
                   A        B        C        D        E       F      G
               +--------+--------+--------+--------+--------+-----+--------+
         Total |    777 |    767 |     10 |      0 |    225 |   1 |  777.0 |
       Dungeon |    777 |    767 |     10 |      0 |    225 |   1 |  777.0 |
               +--------+--------+--------+--------+--------+-----+--------+

Top non-repeatable levels by time:
       D: 777 daAuts
